 Dungeon Crawl Stone Soup version 0.31.0-32-g396128a36d (webtiles) character file.

Game seed: 16864697347095055372

21291 KittyFluff the Grappler (level 12, 0/122 HPs)
             Began as a Troll Shapeshifter on Apr 3, 2024.
             Was a High Priest of Trog.
             Slain by an eight-headed hydra (8 damage)
             ... on level 2 of the Lair of Beasts.
             The game lasted 00:51:23 (10228 turns).

KittyFluff the Grappler (Troll Shapeshifter)       Turns: 10228, Time: 00:51:23

Health: 0/122      AC:  5    Str: 35    XL:     12   Next: 52%
Magic:  11/11      EV: 11    Int:  6    God:    Trog [*****.]
Gold:   908        SH:  0    Dex:  9    Spells: 11/11 levels left

rFire   + . .        Z - +2 flail "Jellybane" {drain, rF+}
rCold   . . .        S - +0 kite shield
rNeg    . . .        P - +0 troll leather armour
rPois   .            (helmet currently unavailable)
rElec   .            (cloak currently unavailable)
rCorr   .            (gloves unavailable)
SInv    .            (boots unavailable)
Will    +....        H - amulet of reflection Stlth
                     z - +6 ring of strength
HPRegen 2.00/turn    y - ring of willpower
MPRegen 0.12/turn

%: reflection
@: confused, beast-form, ambrosia-drunk
A: beast (slay +4), large, unfitting armour, claws 3, regeneration 1, shaggy fur
1, tough skin 1
a: Begin Untransformation, Renounce Religion, Berserk, Trog's Hand, Brothers in
Arms


You were on level 2 of the Lair of Beasts.
You worshipped Trog.
Trog was extremely pleased with you.
You were a hulking beast.
You visited 3 branches of the dungeon, and saw 13 of its levels.
You also visited: Sewer and Ossuary.

You collected 1441 gold pieces.
You spent 533 gold pieces at shops.

Inventory:

Hand Weapons
 v - a +0 spear
 B - a +1 sling of venom
 D - a +0 morningstar
 K - a +2 whip of freezing
 V - a +0 dire flail
 Z - the +2 flail "Jellybane" (weapon) {drain, rF+}
   (You bought it in a shop on level 9 of the Dungeon)

   rF+:       It protects you from fire.
Missiles
 f - 9 boomerangs
 g - 6 javelins
 q - 73 stones (quivered)
 F - a curare-tipped dart
 L - 14 poisoned darts
Armour
 w - +0 steam dragon scales
 P - a +0 troll leather armour (worn)
 S - a +0 kite shield (worn)
 U - a +2 hat of see invisible
 X - a +0 robe of positive energy
Jewellery
 i - a ring of resist corrosion
 n - a ring of positive energy
 y - a ring of willpower (right claw)
 z - a +6 ring of strength (left claw)
 H - an amulet of reflection (around neck)
 J - an amulet of the acrobat
Talismans
 c - a beast talisman
 d - a flux talisman
 M - a storm talisman
Wands
 o - a wand of iceblast (3)
 r - a wand of light (6)
 Q - a wand of paralysis (19)
Scrolls
 a - a scroll of vulnerability
 e - 4 scrolls of enchant armour {unknown}
 h - 3 scrolls of noise
 j - 9 scrolls of teleportation
 k - 3 scrolls of immolation {unknown}
 t - 3 scrolls of enchant weapon {unknown}
 C - 3 scrolls of amnesia {unknown}
 E - a scroll of blinking
 O - a scroll of fog {unknown}
 R - a scroll of silence {unknown}
 T - a scroll of revelation
 W - a scroll of torment
 Y - a scroll of butterflies {unknown}
Potions
 b - 2 potions of lignification
 l - 3 potions of haste
 p - a potion of magic
 s - a potion of enlightenment
 u - a potion of invisibility {unknown}
 x - 3 potions of mutation
 A - 3 potions of curing
 G - a potion of resistance {unknown}
 I - 3 potions of heal wounds
 N - 2 potions of attraction


   Skills:
 + Level 8.7 Fighting
 + Level 8.8 Dodging
 + Level 5.2 Shields
 + Level 10.7 Unarmed Combat
 + Level 9.9 Shapeshifting


You had 11 spell levels left.
You didn't know any spells.
Your spell library contained the following spells:

 Spells                   Type           Power      Damage    Failure   Level
 Call Imp                 Summ           0%         N/A       80%         2
 Cigotuvi's Dreadful Rot  Necr/Alch/Air  0%         N/A       80%         2
 Lesser Beckoning         Tloc           0%         N/A       80%         2
 Sublimation of Blood     Necr           0%         N/A       80%         2
 Gell's Gravitas          Tloc           0%         N/A       95%         3
 Teleport Other           Tloc           0%         N/A       95%         3
 Ignite Poison            Fire/Alch      0%         N/A       100%        4
 Summon Blazeheart Golem  Fire/Summ      0%         N/A       100%        4
 Freezing Cloud           Conj/Ice/Air   0%         6-21      100%        5
 Orb of Destruction       Conj           0%         9d5       100%        7
 Spellforged Servitor     Conj/Summ      0%         N/A       100%        7
 Summon Hydra             Summ           0%         N/A       100%        7


Dungeon Overview and Level Annotations

Branches:
Dungeon (10/15)            Temple (1/1) D:6            Lair (2/5) D:10
    Orc (0/2) D:9           Sewer (visited)         Ossuary (visited)
  Swamp: Lair:2-3    Shoals: Lair:2-3     Snake: Lair:2-3    Spider: Lair:2-3

Altars:
Ashenzari
Cheibriados
Dithmenos
Elyvilon
Fedhas
Gozag
Hepliaklqana
Kikubaaqudgha
Makhleb
Nemelex Xobeh
Okawaru
Qazlal
Ru
Sif Muna
Trog
Uskayaw
Vehumet
Wu Jian
Xom
Yredelemnul
Zin
The Shining One

Shops:
D:4 *   D:6 *   D:9 (

Annotations:
D:3 2 transporters
Lair:1 3 runed translucent doors, Fractals's ghost, journeyman HuFi


Innate Abilities, Weirdness & Mutations

You are a hulking beast.
Your limbs bulge with bestial killing power. (Slay +4)
You are too large for most types of armour.
You have claws for hands.
Your natural rate of healing is unusually fast.
You are covered in fur. (AC +1)
You have tough skin. (AC +1)


Message History

You barely miss the eight-headed hydra.
The eight-headed hydra is moderately wounded.
You block the eight-headed hydra's attack. x2
The eight-headed hydra bites you!
You block the eight-headed hydra's attack.
The eight-headed hydra misses you.
The eight-headed hydra bites you but does no damage. x2
The eight-headed hydra bites you.
You bludgeon the eight-headed hydra!! You drain the eight-headed hydra.
The eight-headed hydra is severely wounded.
You block the eight-headed hydra's attack.
The eight-headed hydra bites you!
The eight-headed hydra bites you but does no damage.
The eight-headed hydra bites you!
The eight-headed hydra bites you but does no damage.
You block the eight-headed hydra's attack.
The eight-headed hydra bites you.
The eight-headed hydra completely misses you.
You block the eight-headed hydra's attack.
The eight-headed hydra bites you!
The eight-headed hydra barely misses you.
The eight-headed hydra closely misses you.
The eight-headed hydra bites you!
* * * LOW HITPOINT WARNING * * *
The eight-headed hydra bites you!
* * * LOW HITPOINT WARNING * * *
The eight-headed hydra bites you but does no damage. x2
You are confused.
You feel invigorated. The eight-headed hydra bites you.
* * * LOW HITPOINT WARNING * * *
The eight-headed hydra bites you but does no damage.
The eight-headed hydra bites you!
* * * LOW HITPOINT WARNING * * *
The eight-headed hydra barely misses you.
The eight-headed hydra closely misses you.
The eight-headed hydra bites you but does no damage. x2
The eight-headed hydra bites you!
* * * LOW HITPOINT WARNING * * *
You're too confused to move!
The eight-headed hydra bites you!
You die...

........ .........#
........ ........##
........ ........#
P...P... ........#
......... P.###...##
....P.P...#### #....#
..........#.#####P...#
<....P...........P..##
............#..Dh...##
8.>...P. #.!.#..†..#
........ #.##.###†.##
>....P.. ## ### #..P#
........ ....#
....P.P. .....#
..P..... .....# P...P.
.....## ..##.. ..#


You could see an eight-headed hydra (drained).

Vanquished Creatures
  Gastronok (D:8)
  Erica (Lair:2)
  4 two-headed ogres
  Pikel (D:5)
  4 elephants
  3 cane toads (Lair:1)
  2 trolls
  3 hornets
  5 blink frogs
  38 yaks
  A shadow (D:10)
  A basilisk (Lair:1)
  A steam dragon (D:7)
  Menkaure (D:4)
  5 water moccasins
  11 orc warriors
  3 ice beasts
  An ogre (D:5)
  4 sky beasts
  19 wolves
  A crocodile (Sewer)
  A centaur (D:8)
  3 kobold brigands
  A phantom (D:7)
  5 bullfrogs
  A brain worm (Sewer)
  2 scorpions
  12 killer bees
  3 electric eels
  3 howler monkeys
  3 hounds
  15 orc priests
  A bombardier beetle (D:3)
  A gnoll bouda (D:5)
  2 iguanas
  11 orc wizards
  6 gnolls
  4 adders
  A shadow imp (D:7)
  A white imp (D:7)
  2 ufetubi (D:6)
  2 dart slugs
  A ribbon worm (D:3)
  43 orcs
  8 ball pythons
  6 bats
  7 endoplasms
  5 giant cockroaches
  8 goblins
  12 hobgoblins
  A jackal (D:1)
  6 quokkas
  3 frilled lizards
  5 gnoll zombies (Ossuary)
  19 kobolds
  6 kobold zombies (Ossuary)
  3 orc zombies (Ossuary)
  5 rats
328 creatures vanquished.

Notes
Turn   | Place    | Note
-------+----------+-------------------------------------------
     0 | D:1      | KittyFluff the Troll Shapeshifter began the quest for the
                  | Orb.
     0 | D:1      | Reached XP level 1. HP: 18/18 MP: 0/0
    50 | D:1      | Reached skill level 1 in Fighting
    54 | D:1      | Found a faded altar of an unknown god.
    61 | D:1      | Reached XP level 2. HP: 27/27 MP: 1/1
   571 | D:1      | Reached XP level 3. HP: 33/33 MP: 2/2
  1253 | D:2      | Reached XP level 4. HP: 23/42 MP: 3/3
  1493 | D:3      | Found a glowing drain.
  1522 | Sewer    | Entered a sewer
  1539 | Sewer    | Noticed a brain worm
  1551 | Sewer    | Killed a brain worm
  1552 | Sewer    | Reached XP level 5. HP: 45/49 MP: 1/4
  1583 | Sewer    | Noticed a crocodile
  1594 | Sewer    | Killed a crocodile
  1595 | Sewer    | Reached skill level 4 in Unarmed Combat
  1825 | D:3      | Found a transporter.
  1899 | D:3      | Reached XP level 6. HP: 59/59 MP: 5/5
  1974 | D:3      | Found a transporter.
  2504 | D:4      | Noticed Menkaure
  2519 | D:4      | Killed Menkaure
  2617 | D:4      | You fall into a shaft and drop 3 floors!
  2654 | D:7      | Reached XP level 7. HP: 67/67 MP: 6/6
  2685 | D:7      | HP: 2/67 [orc priest/divine providence (15)]
  2695 | D:7      | Reached skill level 5 in Unarmed Combat
  2766 | D:7      | Reached skill level 5 in Shapeshifting
  2910 | D:7      | Reached XP level 8. HP: 76/78 MP: 7/7
  2937 | D:7      | Found a sand-covered staircase.
  2942 | Ossuary  | Entered an ossuary
  3303 | D:6      | Found a staircase to the Ecumenical Temple.
  3308 | Temple   | Entered the Ecumenical Temple
  3330 | Temple   | Became a worshipper of Trog the Wrathful
  3512 | D:5      | Entered Level 5 of the Dungeon
  3719 | D:4      | Found Yjuody Bide's Assorted Antiques.
  3722 | D:4      | Bought a notched moonstone ring for 140 gold pieces
  3888 | D:5      | Reached skill level 6 in Unarmed Combat
  4013 | D:5      | Noticed Pikel
  4023 | D:5      | Killed Pikel
  4024 | D:5      | Reached skill level 5 in Dodging
  4024 | D:5      | Reached XP level 9. HP: 81/87 MP: 8/8
  4098 | D:5      | Reached skill level 5 in Fighting
  4545 | D:6      | Found Wymil's Serpentskin Sales.
  4558 | D:6      | Reached skill level 7 in Unarmed Combat
  4612 | D:6      | Bought a +1 sling of venom for 96 gold pieces
  4760 | D:6      | Reached * piety under Trog
  4805 | D:6      | Identified a scroll of acquirement
  5556 | D:7      | Reached XP level 10. HP: 47/98 MP: 9/9
  5632 | D:8      | Reached skill level 8 in Unarmed Combat
  6015 | D:8      | Noticed Gastronok
  6044 | D:8      | Killed Gastronok
  6078 | D:8      | Reached ** piety under Trog
  6411 | D:9      | Noticed a two-headed ogre
  6416 | D:9      | Killed a two-headed ogre
  6417 | D:9      | Reached skill level 9 in Unarmed Combat
  6503 | D:9      | Reached skill level 1 in Shields
  6551 | D:9      | Noticed a two-headed ogre
  6557 | D:9      | Killed a two-headed ogre
  6558 | D:9      | Reached XP level 11. HP: 101/109 MP: 10/10
  6576 | D:9      | Paralysed by a hornet for 2 turns
  7184 | D:9      | Found Uthreqe's Antique Weapon Shop.
  7478 | D:9      | Reached *** piety under Trog
  7490 | D:9      | Found a staircase to the Orcish Mines.
  7956 | D:9      | Bought an encrusted flail for 297 gold pieces
  7956 | D:9      | Identified the +2 flail "Jellybane" {drain, rF+} (You
                  | bought it in a shop on level 9 of the Dungeon)
  7992 | D:10     | Entered Level 10 of the Dungeon
  8192 | D:10     | Noticed a two-headed ogre
  8194 | D:10     | Found a burning altar of Makhleb.
  8204 | D:10     | Killed a two-headed ogre
  8276 | D:10     | Noticed a two-headed ogre
  8344 | D:10     | Killed a two-headed ogre
  8479 | D:10     | Found an ornate altar of the Wu Jian Council.
  8584 | D:10     | Found a staircase to the Lair.
  8853 | D:10     | Acquired 679 gold pieces
  8873 | Lair:1   | Entered Level 1 of the Lair of Beasts
  8940 | Lair:1   | Reached **** piety under Trog
  9001 | Lair:1   | Reached skill level 10 in Unarmed Combat
  9144 | Lair:1   | Reached XP level 12. HP: 107/119 MP: 11/11
  9422 | Lair:1   | Found a runed translucent gate.
  9423 | Lair:1   | Found a runed translucent gate.
  9474 | Lair:1   | Found a runed translucent gate.
  9476 | Lair:1   | Noticed a minotaur
  9570 | Lair:1   | Noticed Fractals's ghost (journeyman HuFi)
  9570 | Lair:1   | Noticed a boulder beetle
  9694 | Lair:1   | Reached ***** piety under Trog
  9823 | Lair:2   | Noticed an eight-headed hydra
 10021 | Lair:1   | Reached skill level 5 in Shields
 10088 | Lair:2   | Noticed Erica
 10099 | Lair:2   | Killed Erica
 10227 | Lair:2   | HP: 3/122 [eight-headed hydra (13)]
 10228 | Lair:2   | Slain by an eight-headed hydra

Illustrated notes

Levels and vault maps discovered:
D:1:      dpeg_arrival_rooms_a, layout_basic,
          chequers_ecumenical_altar_simple_redux, hex_medium, st_stairs_5,
          minmay_pentomino_p4
D:2:      layout_rooms
D:3:      gammafunk_steamed_eel, layout_loops_corners, portal_sewer_entry_f
D:4:      layout_rooms, serial_shops, nicolae_shop_real_fake_doors,
          chequers_serial_rivers_micro_a, glass_columns_b, uniq_menkaure
D:5:      layout_gridville, minmay_fractal_squares_diagonal_5, uniq_pikel
D:6:      layout_loops_ring, temple_doors_ab, guppyfry_shop_venom
D:7:      layout_loops_cross, enter_ossuary_2, serial_rivers,
          chequers_serial_rivers_micro_a, chequers_serial_rivers_large_a,
          chequers_serial_rivers_small_b, chequers_serial_rivers_micro_e,
          chequers_jeans
D:8:      layout_rooms, uniq_gastronok
D:9:      layout_basic, erik_orc_2, serial_shops, nicolae_shop_scrapyard,
          nicolae_hexahallways
D:10:     layout_cave_pools, nicolae_overflow_crystal_walls,
          mainiacjoe_overflow_alcove_1, erik_lair_island
Temple:   nicolae_temple_bog_church
Lair:1:   layout_small_grid, maelrawn_ghost_gauntlet_escape, minivault_24
Lair:2:   layout_regular_city, evilmike_ambush [evilmike_ambush_outer_basic,
          evilmike_ambush_inner_basic], uniq_erica

Skill      XL: |  1  2  3  4  5  6  7  8  9 10 11 12 |
---------------+-------------------------------------+-----
Fighting       | 1 2 3 4 6 7 8 |  8.7
Dodging        | 2 3 4 5 6 7 8 |  8.8
Unarmed Combat | 4 5 6 7 9 10 | 10.7
Shapeshifting  | 4 5 6 7 8 9 |  9.9
Shields        | 1 4 5 |  5.2

Action                     |  1- 3 |  4- 6 |  7- 9 | 10-12 || total
---------------------------+-------+-------+-------+-------++-------
  Melee: Unarmed           |    89 |    88 |   244 |   469 ||   890
         Punch             |       |     2 |    12 |     4 ||    18
         Flail             |       |       |       |     3 ||     3
   Fire: Sling             |       |       |       |     8 ||     8
  Throw: Stone             |       |       |       |    16 ||    16
 Invoke: Berserk           |       |       |       |     1 ||     1
    Use: Scroll            |       |     4 |     6 |     7 ||    17
         Potion            |       |       |       |     1 ||     1
 Armour: Animal skin       |    47 |    36 |   106 |       ||   189
         Steam dragon scal |       |       |    60 |   131 ||   191
         Troll leather arm |       |       |       |   181 ||   181
  Dodge: Dodged            |    44 |    35 |   124 |   158 ||   361
  Block: Other             |       |       |    38 |     4 ||    42
         Reflection        |       |       |     1 |     5 ||     6
         Kite shield       |       |       |       |   288 ||   288
